 Dungeon Crawl Stone Soup version 0.19.4-8-ga85b6b9 (webtiles) character file.

3509 Kosschaser the Covert (level 10, -9/51 HPs)
             Began as a Vine Stalker Assassin on Feb 11, 2017.
             Was a Follower of Dithmenos.
             Mangled by an orc warrior
             ... wielding a +0 trident
              (16 damage)
             ... on level 8 of the Dungeon.
             The game lasted 00:58:49 (6034 turns).

Kosschaser the Covert (Vine Stalker Assassin)       Turns: 6034, Time: 00:58:49

Health: -9/51      AC:  8    Str: 14    XL:     10   Next: 7%
Magic:  0/11       EV: 14    Int: 11    God:    Dithmenos [*.....]
Gold:   351        SH:  0    Dex: 21    Spells: 0 memorised, 9 levels left

rFire  . . .     SeeInvis .     y - +5 dagger (speed)
rCold  . . .     Gourm    .     J - +3 leather armour of the Sun {-Tele rElec Dex+2}
rNeg   . . .     Faith    .     (no shield)
rPois  .         Spirit   +     (no helmet)
rElec  +         Reflect  .     d - +1 cloak
rCorr  .         Harm     .     (no gloves)
MR     +....     NoTele   +     (no boots)
Stlth  ++++++....               s - amulet of regeneration
                                (no ring)
                                (no ring)

@: wreathed by umbra
A: fangs 3, regeneration 1, magic shield, antimagic bite, no device heal 3, rot
immunity
a: Renounce Religion


You were on level 8 of the Dungeon.
You worshipped Dithmenos.
Dithmenos was aware of your devotion.
You were not hungry.

You visited 2 branches of the dungeon, and saw 9 of its levels.

You collected 351 gold pieces.

Inventory:

Hand Weapons
 b - a +0 blowgun
 y - a +5 dagger of speed (weapon)
Missiles
 e - 46 poisoned needles
 f - 2 curare-tipped needles
Armour
 c - a +0 robe
 d - a +1 cloak (worn)
 J - the +3 leather armour of the Sun (worn) {-Tele rElec Dex+2}
   (You took it off an orc on level 8 of the Dungeon)

   It affects your dexterity (+2).
   It insulates you from electricity.
   It prevents most forms of teleportation.
Jewellery
 s - an amulet of regeneration (around neck)
 K - an uncursed ring of wizardry
Wands
 u - a wand of digging (3/24)
 v - a wand of polymorph (10/24)
Scrolls
 h - a scroll of recharging
 j - a scroll of enchant armour
 l - 3 scrolls of amnesia
 o - a scroll of magic mapping {unknown}
 q - a scroll of fog {unknown}
 r - 2 scrolls of remove curse
 D - a scroll of immolation
 G - a scroll of teleportation
 I - a scroll of identify
Potions
 a - a potion of lignification {unknown}
 i - a potion of cure mutation
 m - a potion of mutation {unknown}
 n - 3 potions of cancellation
 p - 4 potions of might
 t - 2 potions of invisibility
 x - a potion of degeneration {unknown}
 z - a potion of haste {unknown}
 A - a potion of resistance
 B - a potion of brilliance {unknown}
 C - a potion of magic {unknown}
 E - a potion of flight {unknown}
Books
 F - a book of Cantrips

   Spells                             Type                      Level
   a - Confusing Touch                Hexes                        1
   b - Animate Skeleton               Necromancy                   1
   c - Summon Small Mammal            Summoning                    1
   d - Apportation                    Translocation                1
Comestibles
 g - 10 bread rations
 k - 3 meat rations
 w - a beef jerky
 H - 2 fruits


   Skills:
 + Level 4.6 Fighting
 + Level 7.1 Short Blades
 + Level 4.0 Throwing
 + Level 0.4 Armour
 + Level 3.9 Dodging
 + Level 12.1 Stealth
 + Level 1.1 Unarmed Combat


You had 9 spell levels left.
You didn't know any spells.

Dungeon Overview and Level Annotations

Branches:
Dungeon (8/15)             Temple (1/1) D:5
   Lair: D:8-11

Altars:
Cheibriados
Dithmenos
Fedhas
Gozag
Hepliaklqana
Kikubaaqudgha
Makhleb
Okawaru
Qazlal
Ru
Sif Muna
Trog
Uskayaw
Vehumet
Xom
Yredelemnul
Zin
The Shining One

Annotations:
D:5 Prince Ribbit


Innate Abilities, Weirdness & Mutations

You have razor-sharp teeth.
Your natural rate of healing is unusually fast.
When hurt, damage is shared between your health and your magic reserves.
Your bite disrupts and absorbs the magic of your enemies.
Potions and wands cannot restore your health.
You are immune to rotting.


Message History

You hit the orc warrior. Your bite misses the orc warrior.
The orc warrior is moderately wounded.
The orc warrior hits you with a trident!
You hit the orc warrior. Your bite misses the orc warrior.
The orc warrior is moderately wounded.
You hit the orc warrior.
You bite the orc warrior, but do no damage.
The orc warrior is heavily wounded.
The orc warrior hits you with a trident!
You barely miss the orc warrior. Your bite misses the orc warrior.
The orc warrior is heavily wounded.
You barely miss the orc warrior.
The orc warrior is heavily wounded.
You barely miss the orc warrior.
You bite the orc warrior, but do no damage.
The orc warrior is heavily wounded.
The orc warrior hits you with a trident!!
* * * LOW HITPOINT WARNING * * *
The orc warrior hits you from afar with a trident!!
You die...

##.# #.# #.## #..#
#######..## .........>#
####....### # ######
######## # ####P##..@######
### #P#..##.##)....# #.##
#.)#....##♣o.♣#'%# )..#
##.#.#### ♣..#. #.##
#.###### ♣♣♣♣##.# #..##
##.)..P#♣P♣.♣.###≈≈#
#...###
#P####..P♣.♣..P..≈≈#
##....#### ##P..P.PP...≈≈#
###...#########P.P.....≈≈≈#


You could see an orc warrior.

Vanquished Creatures
  Pikel (D:5)
  A hippogriff (D:8)
  A spriggan (D:7)
  A water moccasin (D:7)
  Duvessa (D:4)
  An orc warrior (D:8)
  A slave (D:5)
  An eye of draining (D:8)
  2 ice beasts (D:6)
  A phantom (D:6)
  7 ogres
  3 centaurs
  A bullfrog (D:7)
  Dowan (D:4)
  2 scorpions
  A howler monkey (D:6)
  2 crimson imps
  2 centaur zombies (D:7)
  4 jellies
  3 hounds
  3 bullfrog skeletons
  2 gnoll shamans (D:8)
  Ijyb (D:2)
  2 iguanas
  2 orc wizards
  3 worker ants
  A hound zombie (D:8)
  2 worker ant zombies
  9 gnolls
  8 adders
  A shadow imp (D:5)
  A worm (D:2)
  4 dart slugs
  4 leopard geckos
  26 orcs
  4 ball pythons
  7 bats
  2 giant cockroaches
  16 goblins
  11 hobgoblins
  3 jackals
  5 quokkas
  3 frilled lizards
  6 kobolds
  A leopard gecko skeleton (D:6)
  A leopard gecko zombie (D:5)
  8 rats
173 creatures vanquished.

Vanquished Creatures (others)
  An adder (D:5)
  2 fungi (D:8)
  A plant (D:8)
4 creatures vanquished.

Grand Total: 177 creatures vanquished

Notes
Turn   | Place    | Note
-------+----------+-------------------------------------------
     0 | D:1      | Kosschaser the Vine Stalker Assassin began the quest for the Orb.
     0 | D:1      | Reached XP level 1. HP: 11/11 MP: 2/2
    41 | D:1      | Reached skill level 5 in Stealth
   168 | D:1      | Found a glowing golden altar of the Shining One.
   279 | D:1      | Reached XP level 2. HP: 12/15 MP: 3/3
   696 | D:2      | Reached skill level 6 in Stealth
   696 | D:2      | Reached XP level 3. HP: 10/18 MP: 4/4
   972 | D:2      | Noticed Ijyb
   985 | D:2      | Killed Ijyb
   985 | D:2      | Gained mutation: Your natural rate of healing is unusually fast. [Vine Stalker growth]
   985 | D:2      | Reached XP level 4. HP: 11/23 MP: 5/5
  1095 | D:2      | Found a bloodstained altar of Trog.
  1114 | D:2      | Reached skill level 1 in Dodging
  1482 | D:3      | Found a hazy altar of Hepliaklqana.
  1493 | D:3      | Reached skill level 7 in Stealth
  1493 | D:3      | Reached XP level 5. HP: 16/26 MP: 6/6
  1894 | D:4      | Found a sacrificial altar of Ru.
  1998 | D:4      | Noticed Dowan
  2002 | D:4      | Noticed Duvessa
  2235 | D:4      | Reached XP level 6. HP: 30/30 MP: 7/7
  2409 | D:4      | Found a radiant altar of Vehumet.
  2409 | D:4      | Found a snail-covered altar of Cheibriados.
  2633 | D:4      | Killed Duvessa
  2633 | D:4      | Reached skill level 8 in Stealth
  2643 | D:4      | Killed Dowan
  2643 | D:4      | Reached XP level 7. HP: 35/35 MP: 8/8
  2878 | D:5      | Entered Level 5 of the Dungeon
  2916 | D:5      | Noticed Pikel
  2972 | D:5      | Killed Pikel
  2972 | D:5      | Reached skill level 9 in Stealth
  2972 | D:5      | Gained mutation: You have razor-sharp teeth. [Vine Stalker growth]
  2972 | D:5      | Reached XP level 8. HP: 17/40 MP: 4/9
  3055 | D:5      | Reached skill level 1 in Unarmed Combat
  3083 | D:5      | Reached skill level 5 in Short Blades
  3204 | D:5      | Found a staircase to the Ecumenical Temple.
  3282 | Temple   | Entered the Ecumenical Temple
  3365 | Temple   | Became a worshipper of Dithmenos the Shadowed
  3513 | D:5      | Noticed Prince Ribbit
  3974 | D:6      | You fall through a shaft for 2 floors!
  4184 | D:7      | Reached XP level 9. HP: 45/45 MP: 10/10
  4224 | D:7      | Reached skill level 10 in Stealth
  4779 | D:7      | Reached * piety under Dithmenos
  5038 | D:7      | Reached skill level 11 in Stealth
  5849 | D:8      | Got a faintly humming leather armour
  5860 | D:8      | Identified the +3 leather armour of the Sun {-Tele rElec Dex+2} (You took it off an orc on level 8 of the Dungeon)
  5978 | D:8      | Reached skill level 12 in Stealth
  5978 | D:8      | Reached XP level 10. HP: 51/51 MP: 11/11
  6034 | D:8      | Mangled by an orc warrior

Skill      XL: |  1  2  3  4  5  6  7  8  9 10 |
---------------+-------------------------------+-----
Stealth        | 5 6 7 8 9 12 | 12.1
Fighting       | 2 3 4 |  4.6
Short Blades   | 2 3 4 5 7 |  7.1
Dodging        | 1 2 3 |  3.9
Throwing       | 2 3 4 |  4.0
Unarmed Combat | 1 |  1.1
Armour         | |  0.4

Action                   |  1- 3 |  4- 6 |  7- 9 | 10-12 || total
-------------------------+-------+-------+-------+-------++-------
Melee: Dagger            |   101 |   124 |   390 |    40 ||   655
       Bite              |    32 |    35 |   141 |    19 ||   227
       Unarmed           |       |     8 |       |       ||     8
 Fire: Blowgun           |       |    16 |    18 |       ||    34
  Use: Potion            |     2 |     1 |       |       ||     3
       Scroll            |     5 |     8 |     6 |       ||    19
 Stab: Sleeping          |     7 |     6 |    18 |       ||    31
       Distracted        |       |     1 |     3 |       ||     4
       Confused          |       |     2 |       |       ||     2
  Eat: Bread ration      |       |     1 |       |       ||     1
       Fruit             |       |     1 |     7 |       ||     8
       Meat ration       |       |       |     1 |       ||     1
       Royal jelly       |       |       |     1 |       ||     1
Armor: Robe              |    24 |    20 |    21 |       ||    65
       Leather armour    |       |       |     1 |       ||     1
Dodge: Dodged            |    72 |    77 |   147 |     7 ||   303
